 Dungeon Crawl Stone Soup version 0.29.1-15-g9cfb28693d (webtiles) character file.

Game seed: 10459543161921221434

74 Ast3rio the Slasher (level 4, 0/41 HPs)
             Began as a Gnoll Cinder Acolyte on Mar 13, 2023.
             Was a High Priest of Ignis.
             Slain by an ice beast (8 damage)
             ... on level 3 of the Dungeon.
             The game lasted 00:04:00 (2957 turns).

Ast3rio the Slasher (Gnoll Cinder Acolyte)          Turns: 2957, Time: 00:04:00

Health: 0/41       AC:  2    Str: 13    XL:     4   Next: 28%
Magic:  0/8        EV: 11    Int: 15    God:    Ignis [*****.]
Gold:   152        SH:  0    Dex:  8    Spells: 7/9 levels left

rFire   + . .      SeeInvis .   a - -1 falchion (flame)
rCold   . . .      Faith    .   (no shield)
rNeg    . . .      Spirit   .   b - +0 robe
rPois   .          Reflect  .   (no helmet)
rElec   .          Harm     .   (no cloak)
rCorr   .          Rampage  .   (no gloves)
Will    .....                   (no boots)
Stlth   +.........              (no amulet)
HPRegen 0.13/turn               (no ring)
MPRegen 0.11/turn               (no ring)

@: no status effects
A: fangs 1, strong nose, distributed training
a: Renounce Religion, Fiery Armour, Foxfire Swarm, Rising Flame


You were on level 3 of the Dungeon.
You worshipped Ignis.
Ignis was extremely pleased with you.
You visited 1 branch of the dungeon, and saw 3 of its levels.

You collected 152 gold pieces.

Inventory:

Hand Weapons
 a - a -1 falchion of flaming (weapon)
Armour
 b - a +0 robe (worn)
Jewellery
 m - a ring of resist corrosion
Wands
 r - a wand of paralysis (7)
Scrolls
 e - a scroll of amnesia {unknown}
 g - a scroll of vulnerability {unknown}
 k - a scroll of acquirement {unknown}
 o - 3 scrolls of identify {unknown}
 s - a scroll of teleportation {unknown}
Potions
 c - a potion of magic {unknown}
 d - 2 potions of flight {unknown}
 f - a potion of curing {unknown}
 h - 2 potions of mutation {unknown}
 i - 3 potions of haste {unknown}
 j - a potion of berserk rage {unknown}
 l - 2 potions of attraction {unknown}
 n - 2 potions of resistance {unknown}
 p - 2 potions of cancellation {unknown}
 q - a potion of brilliance {unknown}


   Skills:
 + Level 6.6 Fighting
 + Level 1.1 Short Blades
 + Level 6.6 Long Blades
 + Level 1.1 Axes
 + Level 1.1 Maces & Flails
 + Level 1.1 Polearms
 + Level 1.1 Staves
 + Level 1.1 Ranged Weapons
 + Level 1.1 Throwing
 + Level 1.1 Armour
 + Level 1.1 Dodging
 + Level 1.1 Stealth
 + Level 1.1 Shields
 + Level 1.1 Unarmed Combat
 + Level 3.0 Spellcasting
 + Level 0.9 Conjurations
 + Level 0.9 Hexes
 + Level 0.9 Summonings
 + Level 0.9 Necromancy
 + Level 0.9 Translocations
 + Level 0.9 Transmutations
 + Level 5.4 Fire Magic
 + Level 0.9 Ice Magic
 + Level 0.9 Air Magic
 + Level 0.9 Earth Magic
 + Level 0.9 Poison Magic
 + Level 1.2 Invocations
 + Level 1.1 Evocations


You had 7 spell levels left.
You knew the following spells:

 Your Spells              Type           Power      Damage    Failure   Level
a - Scorch                Fire           36%        2d7       3%          2

Your spell library contained the following spells:

 Spells                   Type           Power      Damage    Failure   Level


Dungeon Overview and Level Annotations

Branches:
Dungeon (3/15)

Altars:
Ashenzari


Innate Abilities, Weirdness & Mutations

You have very sharp teeth.
Your uncanny sense of smell can sniff out nearby items.
Your experience applies equally to all skills.


Message History

Confirm with . or Enter, or press ? or * to list all spells.
Flames lash the ice beast.
The ice beast is lightly wounded.
The ice beast's fire resistance burns away.
The kobold shouts!
Casting: Scorch (safe; 3% risk of failure)
Confirm with . or Enter, or press ? or * to list all spells.
Flames lash the ice beast.
The ice beast melts!
The ice beast is moderately wounded.
Casting: Scorch (safe; 3% risk of failure)
Confirm with . or Enter, or press ? or * to list all spells.
Flames lash the ice beast.
The ice beast melts!
The ice beast is severely wounded.
The ice beast hits you. The ice beast freezes you.
Casting: Scorch (safe; 3% risk of failure)
Confirm with . or Enter, or press ? or * to list all spells.
Flames lash the kobold.
The kobold is moderately wounded.
The kobold's fire resistance burns away.
The ice beast hits you. The ice beast freezes you!
Casting: Scorch (safe; 3% risk of failure)
Confirm with . or Enter, or press ? or * to list all spells.
You don't have enough magic to cast this spell.
You hit the ice beast but do no damage.
The ice beast is severely wounded.
The ice beast barely misses you.
You barely miss the ice beast.
The ice beast is severely wounded.
The kobold is no longer more vulnerable to fire.
You hit the ice beast.
You melt the ice beast.
The ice beast is severely wounded.
The kobold hits you with a +0 whip.
* * * LOW HITPOINT WARNING * * *
The ice beast closely misses you.
Activating: Foxfire Swarm
Press: ? - help, Dir - look around, f - activate Flames leap up around you!
The ice beast hits you.
* * * LOW HITPOINT WARNING * * *
The ice beast freezes you!
You die...

.....8... ......... ?#
.... ......... .# ...<
#..##############...⌠...
#.................#.....
#.#########........... .
#.# #.#####vv.#... #.#
#.#####Kg..... ..#
#...vv@Yv..... ###
#######v###### v# ##


You could see an ice beast (combustible, ally target), a goblin (ally target)
and a kobold.

Vanquished Creatures
  3 adders (D:2)
  A dart slug (D:1)
  5 endoplasms (D:1)
  A giant cockroach (D:2)
  4 goblins
  4 hobgoblins
  2 jackals (D:1)
  2 quokkas
  4 ball pythons
  3 bats
  3 frilled lizards
  5 kobolds
  7 rats
44 creatures vanquished.

Notes
Turn   | Place    | Note
-------+----------+-------------------------------------------
     0 | D:1      | Ast3rio the Gnoll Cinder Acolyte began the quest for the
                  | Orb.
     0 | D:1      | Reached XP level 1. HP: 23/23 MP: 4/4
   149 | D:1      | Reached XP level 2. HP: 28/29 MP: 5/5
   224 | D:1      | Learned a level 2 spell: Scorch
   268 | D:1      | Found a faded altar of an unknown god.
   957 | D:1      | Reached XP level 3. HP: 34/35 MP: 4/7
  1651 | D:2      | Reached skill level 1 in Invocations
  1666 | D:2      | Reached skill level 1 in Short Blades
  1666 | D:2      | Reached skill level 1 in Axes
  1666 | D:2      | Reached skill level 1 in Maces & Flails
  1666 | D:2      | Reached skill level 1 in Polearms
  1666 | D:2      | Reached skill level 1 in Staves
  1666 | D:2      | Reached skill level 1 in Ranged Weapons
  1666 | D:2      | Reached skill level 1 in Throwing
  1666 | D:2      | Reached skill level 1 in Armour
  1666 | D:2      | Reached skill level 1 in Dodging
  1666 | D:2      | Reached skill level 1 in Stealth
  1666 | D:2      | Reached skill level 1 in Shields
  1666 | D:2      | Reached skill level 1 in Unarmed Combat
  1666 | D:2      | Reached skill level 1 in Evocations
  2061 | D:2      | Reached XP level 4. HP: 26/41 MP: 2/8
  2675 | D:3      | Found a broken altar of Ashenzari.
  2948 | D:3      | Noticed an ice beast
  2957 | D:3      | Slain by an ice beast

Illustrated notes

Levels and vault maps discovered:
D:1:      dpeg_arrival_simpleton_c, layout_basic,
          chequers_ecumenical_altar_simple_redux
D:2:      layout_rooms
D:3:      wad_pebble_path, layout_basic, mainiacjoe_overflow_24_doors,
          grunt_ministairs_9, chequers_decorated_corner

Skill      XL: |  1  2  3 |
---------------+----------+-----
Invocations    | 1 |  1.2
Short Blades   | 1 |  1.1
Axes           | 1 |  1.1
Maces & Flails | 1 |  1.1
Polearms       | 1 |  1.1
Staves         | 1 |  1.1
Ranged Weapons | 1 |  1.1
Throwing       | 1 |  1.1
Armour         | 1 |  1.1
Dodging        | 1 |  1.1
Stealth        | 1 |  1.1
Shields        | 1 |  1.1
Unarmed Combat | 1 |  1.1
Evocations     | 1 |  1.1
Spellcasting   | 3 |  3.0
Fighting       | |  6.6
Long Blades    | |  6.6
Conjurations   | |  0.9
Hexes          | |  0.9
Summonings     | |  0.9
Necromancy     | |  0.9
Translocations | |  0.9
Transmutations | |  0.9
Fire Magic     | |  5.4
Ice Magic      | |  0.9
Air Magic      | |  0.9
Earth Magic    | |  0.9
Poison Magic   | |  0.9

Action                   |  1- 3 |  4- 6 || total
-------------------------+-------+-------++-------
Melee: Falchion          |    55 |     3 ||    58
       Bite              |     3 |       ||     3
       Punch             |     1 |       ||     1
 Cast: Scorch            |    24 |    13 ||    37
Invok: Foxfire Swarm     |       |     1 ||     1
Armor: Robe              |     9 |     1 ||    10
Dodge: Dodged            |    49 |     2 ||    51
